 Dungeon Crawl Stone Soup version 0.32-a0-886-g41c5271027 (webtiles) character file.

Game seed: 5608817370819915479

8539 Biggs the Skirmisher (level 11, -22/87 HPs)
             Began as a Coglin Hunter on Apr 2, 2024.
             Was a High Priest of Okawaru.
             Annihilated by an orc warlord
             ... wielding a +3 battleaxe
              (25 damage)
             ... in a bailey.
             The game lasted 00:19:11 (11262 turns).

Biggs the Skirmisher (Coglin Hunter)               Turns: 11262, Time: 00:19:11

Health: -22/87     AC:  4    Str: 12    XL:     11   Next: 32%
Magic:  11/11      EV: 13    Int:  8    God:    Okawaru [*****.]
Gold:   272        SH:  0    Dex: 22    Spells: 10/10 levels left

rFire   . . .        a - +5 sling {Qiuyue}
rCold   . . .        d - +0 sling {Prasit}
rNeg    . . .        c - +0 leather armour
rPois   .            (no helmet)
rElec   .            (no cloak)
rCorr   .            (no gloves)
SInv    .            e - +0 pair of boots
Will    .....        (amulet unavailable)
Stlth   ++           (ring unavailable)
HPRegen 0.34/turn    (ring unavailable)
MPRegen 0.12/turn    (no gizmo)

%: no passive effects
@: studying Fighting, revved
A: off-hand wielding, slow wielding, warmup strikes, no jewellery
a: Invent Gizmo, Renounce Religion, Heroism, Finesse, Duel


You were in a bailey.
You worshipped Okawaru.
Okawaru was extremely pleased with you.
You visited 2 branches of the dungeon, and saw 11 of its levels.
You also visited: Bailey.

You collected 494 gold pieces.
You spent 222 gold pieces at shops.

Inventory:

Hand Weapons
 a - a +5 sling (weapon) {Qiuyue}
 d - a +0 sling (offhand) {Prasit}
Missiles
 k - 3 throwing nets
Armour
 c - a +0 leather armour (worn)
 e - a +0 pair of boots (worn)
Wands
 m - a wand of flame (14)
 n - a wand of warping (7)
Scrolls
 i - a scroll of blinking {unknown}
 p - a scroll of enchant weapon
 q - 2 scrolls of fog
 s - 2 scrolls of torment
 t - 5 scrolls of revelation
 v - 4 scrolls of teleportation
 x - 5 scrolls of fear {unknown}
 y - a scroll of silence {unknown}
 A - 2 scrolls of enchant armour {unknown}
 D - a scroll of brand weapon {unknown}
Potions
 b - a potion of magic {unknown}
 f - a potion of enlightenment {unknown}
 g - a potion of might {unknown}
 j - 2 potions of cancellation
 l - 2 potions of attraction
 o - 2 potions of invisibility
 r - 2 potions of ambrosia {unknown}
 u - 2 potions of curing
 w - 2 potions of berserk rage {unknown}
 z - a potion of haste {unknown}
 B - a potion of lignification
 C - 2 potions of mutation {unknown}


   Skills:
 + Level 8.8 Fighting
 - Level 14.0 Ranged Weapons
 - Level 4.1 Dodging
 - Level 0.7 Stealth
 - Level 5.0 Evocations


You had 10 spell levels left.
You didn't know any spells.
Your spell library contained the following spells:

 Spells                   Type           Power      Damage    Failure   Level
 Apportation              Tloc           0%         N/A       50%         1
 Necrotise                Necr           0%         1d4       50%         1
 Sting                    Conj/Alch      0%         1d3       50%         1
 Blink                    Tloc           0%         N/A       63%         2
 Lesser Beckoning         Tloc           0%         N/A       63%         2
 Momentum Strike          Conj/Tloc      0%         3d8       63%         2
 Hailstorm                Conj/Ice       0%         3d5       86%         3
 Passage of Golubria      Tloc           0%         N/A       99%         4
 Lee's Rapid Deconstruct  Erth           0%         3d4*      100%        5
 Yara's Violent Unravell  Hex/Alch       0%         3d3       100%        5
 Permafrost Eruption      Ice/Erth       0%         2x4d1     100%        6
 Summon Small Mammal      Summ           Unusable   N/A       N/A         1
 Summon Ice Beast         Ice/Summ       Unusable   N/A       N/A         3
 Tukima's Dance           Hex            Unusable   N/A       N/A         3
 Animate Armour           Summ/Erth      Unusable   N/A       N/A         4
 Summon Lightning Spire   Summ/Air       Unusable   N/A       N/A         4
 Sculpt Simulacrum        Ice/Alch       Unusable   N/A       N/A         6

Dungeon Overview and Level Annotations

Branches:
Dungeon (10/15)            Temple (1/1) D:5            Lair (0/5) D:9
    Orc (0/2) D:9          Bailey (1/1)

Altars:
Ashenzari
Cheibriados
Dithmenos
Elyvilon
Gozag
Hepliaklqana
Kikubaaqudgha
Makhleb
Nemelex Xobeh
Okawaru
Qazlal
Ru
Sif Muna
Trog
Uskayaw
Vehumet
Wu Jian
Xom
Yredelemnul
Zin
The Shining One

Shops:
D:2 [   D:5 :   D:8 (   D:9 ?=

Annotations:
D:7 Dowan, Duvessa


Innate Abilities, Weirdness & Mutations

You can wield a second weapon in your off-hand.
It takes a long time for you to wield or remove held weapons.
Your first few attacks do less damage.
You cannot equip rings or amulets.


Message History

The sling bullet barely misses the orc warlord.
The orc warlord is engulfed in poison gas.
The orc warlord looks as sick as possible!
The orc warlord hits you with a +3 battleaxe!!
* * * LOW HITPOINT WARNING * * *
Fire: a) +5 sling {Qiuyue}
Press: ? - help, Q - select action, (/) - cycle Shift-Dir - straight line, f/p - orc warlord
Aim: an orc warlord, wielding a +3 battleaxe and wearing a +0 chain mail (poison gas, heavily wounded, extremely poisoned, 79% to hit)
You shoot a sling bullet. The sling bullet hits the orc warlord!
The orc warlord is severely wounded.
You shoot a sling bullet.
The sling bullet hits the orc warlord but does no damage.
The orc warlord is severely wounded.
Unknown command.
Unknown command.
Fire: a) +5 sling {Qiuyue}
Press: ? - help, Q - select action, (/) - cycle Shift-Dir - straight line, f/p - orc warlord
Aim: an orc warlord, wielding a +3 battleaxe and wearing a +0 chain mail (poison gas, severely wounded, extremely poisoned, 79% to hit)
You shoot a sling bullet. The sling bullet hits the orc warlord.
The orc warlord is severely wounded.
You shoot a sling bullet.
The sling bullet hits the orc warlord but does no damage.
The orc warlord is severely wounded.
The orc warlord is engulfed in poison gas.
The orc warlord looks as sick as possible!
The orc warlord hits you with a +3 battleaxe!!
* * * LOW HITPOINT WARNING * * *
Unknown command.
Fire: a) +5 sling {Qiuyue}
Press: ? - help, Q - select action, (/) - cycle Shift-Dir - straight line, f/p - orc warlord
Aim: an orc warlord, wielding a +3 battleaxe and wearing a +0 chain mail (poison gas, severely wounded, extremely poisoned, 79% to hit)
You shoot a sling bullet.
The sling bullet closely misses the orc warlord.
You shoot a sling bullet.
The sling bullet hits the orc warlord but does no damage.
The orc warlord is severely wounded.
The orc warlord is engulfed in poison gas.
The orc warlord looks as sick as possible!
The orc warlord hits you with a +3 battleaxe!!
You die...

ß...##~~~~~##.......##
..)..#~~~~~#§○°ß§○ߧ☼##
.....#~~~~)#.§§§§§§§§§#
ß....'.....()§§§°☼§§○§#
...#########..§☼☼°ß○§§#
..##~~~#~~~####☼§§☼○§##
..#~:.....~#~~#☼°§○§##
..#~?........~#§○°☼##
(.##ß.ß...ß.ß~##@§§#
...#.....○§☼○§~o○°○#
...#....∩○§○§☼☼○§§§#
...#.....○§○☼☼§○☼§§#
..##ß.ß..☼߰ߧ##°°§#
..#~?....§§○°§#○☼☼°##
..#~}....§°#§~#☼○☼§§##
..##~~~#~☼§####§§§°§§##
...#########......ß...#


You could see an orc warlord (extremely poisoned).

Vanquished Creatures
  Harold (D:10)
  Pikel (D:9)
  Grinder (D:6)
  5 slime creatures (D:9)
  2 wyverns (D:9)
  8 yaks
  Grum (D:8)
  2 water moccasins
  7 orc warriors
  3 black bears
  2 ice beasts
  3 ogres
  4 wolves (D:8)
  A centaur (D:6)
  4 lemures (D:9)
  Blork the orc (D:6)
  2 kobold brigands
  A bullfrog (D:8)
  A gnoll sergeant (D:8)
  5 scorpions
  8 wights
  22 killer bees
  A howler monkey (D:9)
  An electric eel (D:6)
  2 jellies
  2 orc priests
  4 hounds
  A sleepcap (D:7)
  2 iguanas (D:6)
  3 orc wizards
  3 adders
  15 gnolls
  2 shadow imps
  3 white imps
  5 ufetubi
  16 orcs
  3 endoplasms
  3 giant cockroaches
  9 goblins
  8 hobgoblins
  3 jackals (D:4)
  22 kobolds
  2 quokkas
  7 ball pythons
  7 bats
  A frilled lizard (D:1)
  6 rats
216 creatures vanquished.

Vanquished Creatures (others)
  An ufetubus (D:6)
1 creature vanquished.

Grand Total: 217 creatures vanquished

Notes
Turn   | Place    | Note
-------+----------+-------------------------------------------
     0 | D:1      | Biggs the Coglin Hunter began the quest for the Orb.
     0 | D:1      | Reached XP level 1. HP: 16/16 MP: 1/1
    52 | D:1      | Reached skill level 4 in Ranged Weapons
    52 | D:1      | Reached XP level 2. HP: 22/22 MP: 2/2
   636 | D:2      | Reached XP level 3. HP: 27/27 MP: 3/3
   816 | D:2      | Found Egaol's Antique Armour Shop.
  1430 | D:3      | Reached skill level 5 in Ranged Weapons
  1430 | D:3      | Reached XP level 4. HP: 18/33 MP: 4/4
  1626 | D:3      | Found a shimmering blue altar of Sif Muna.
  1682 | D:3      | Reached XP level 5. HP: 38/38 MP: 5/5
  1689 | D:3      | Noticed an ogre
  1697 | D:3      | Killed an ogre
  1698 | D:3      | Reached skill level 6 in Ranged Weapons
  1960 | D:3      | Noticed a black bear
  1969 | D:3      | HP: 1/38 [black bear (3)]
  1970 | D:3      | Killed a black bear
  1971 | D:3      | Reached XP level 6. HP: 2/44 MP: 6/6
  2601 | D:4      | Reached skill level 7 in Ranged Weapons
  3285 | D:5      | Entered Level 5 of the Dungeon
  3298 | D:5      | Found Ejuasom's Self-Published Books.
  3387 | D:5      | Reached XP level 7. HP: 8/50 MP: 7/7
  3399 | D:5      | HP: 3/75 [poisoned by a killer bee]
  3612 | D:5      | Reached skill level 8 in Ranged Weapons
  3836 | D:5      | Found a burning altar of Makhleb.
  3894 | D:5      | Found a staircase to the Ecumenical Temple.
  3967 | D:5      | Reached skill level 9 in Ranged Weapons
  3967 | D:5      | Reached XP level 8. HP: 26/56 MP: 8/8
  4610 | Temple   | Entered the Ecumenical Temple
  5026 | D:6      | Noticed Blork the orc
  5263 | D:6      | Noticed Grinder
  5269 | D:6      | Killed Grinder
  5742 | D:6      | Reached XP level 9. HP: 65/65 MP: 9/9
  5755 | D:6      | Found a sacrificial altar of Ru.
  5756 | D:6      | Found an iron altar of Okawaru.
  5798 | D:6      | Became a worshipper of Warmaster Okawaru
  6017 | D:6      | Killed Blork the orc
  6018 | D:6      | Reached skill level 5 in Fighting
  6456 | D:7      | Reached skill level 10 in Ranged Weapons
  6516 | D:7      | Noticed Dowan
  6519 | D:7      | Noticed Duvessa
  7174 | D:7      | Reached * piety under Okawaru
  7437 | D:8      | Noticed Grum
  7453 | D:8      | Killed Grum
  7454 | D:8      | Reached skill level 5 in Evocations
  7701 | D:8      | Found a hide-covered altar of Uskayaw.
  7712 | D:8      | Reached skill level 11 in Ranged Weapons
  7836 | D:8      | Found Duopympe's Antique Weapon Shoppe.
  7876 | D:8      | Reached ** piety under Okawaru
  7913 | D:8      | Reached XP level 10. HP: 58/74 MP: 10/10
  8718 | D:9      | Found Quuruita's Magic Scroll Shoppe.
  8726 | D:9      | Bought a scroll of identify for 24 gold pieces
  8726 | D:9      | Bought a scroll of identify for 24 gold pieces
  8726 | D:9      | Bought a scroll of teleportation for 36 gold pieces
  8726 | D:9      | Bought a scroll of revelation for 90 gold pieces
  8726 | D:9      | Bought a scroll of poison for 48 gold pieces
  8729 | D:9      | Identified a scroll of acquirement
  8796 | D:9      | Reached skill level 12 in Ranged Weapons
  8993 | D:9      | Noticed Pikel
  9164 | D:9      | Reached *** piety under Okawaru
  9295 | D:9      | Killed Pikel
  9337 | D:9      | Acquired a manual of Fighting
  9399 | D:9      | Reached skill level 13 in Ranged Weapons
  9608 | D:9      | Found Beohicwu's One-of-a-Kind Rings.
  9853 | D:9      | Found a staircase to the Orcish Mines.
  9990 | D:9      | Found a staircase to the Lair.
 10009 | D:9      | Reached **** piety under Okawaru
 10015 | D:9      | Reached XP level 11. HP: 44/79 MP: 11/11
 10213 | D:10     | Entered Level 10 of the Dungeon
 10223 | D:9      | Reached skill level 14 in Ranged Weapons
 10334 | D:10     | Noticed Harold
 10354 | D:10     | Killed Harold
 10362 | D:10     | Reached ***** piety under Okawaru
 10718 | D:10     | Found a flagged portal.
 10808 | Bailey   | Entered a bailey
 10920 | Bailey   | Noticed an orc warlord
 11099 | Bailey   | Found a runed translucent gate.
 11099 | Bailey   | Found a runed translucent gate.
 11118 | Bailey   | Found a runed translucent gate.
 11261 | Bailey   | HP: 3/87 [orc warlord/+3 battleaxe (18)]
 11262 | Bailey   | Annihilated by an orc warlord

Illustrated notes

Levels and vault maps discovered:
D:1:      minmay_arrival_three_doors, layout_loops_ring, kennysheep_boxes
D:2:      layout_loops_ring, serial_aquarium, aquarium_bridge_square
          [aquarium_subvault_wall, aquarium_subvault_window,
          aquarium_subvault_bridge, aquarium_subvault_balcony],
          aquarium_window_1, aquarium_window_fake, aquarium_view_4,
          aquarium_balcony_3a, aquarium_pool_2, serial_shops, shop,
          serial_bayou_crossing
D:3:      layout_loops_corners, lemuel_doored_altar
D:4:      layout_basic, minmay_misc_feat_pillars
D:5:      layout_basic, amcnicky_altar_gilded, minmay_temple_entry_offerings,
          nicolae_custom_books, corexii_corridor_pit, minmay_misc_feat_enclosed,
          kennysheep_donut
D:6:      layout_loops_ring, gammafunk_temple_overflow_statue,
          minmay_misc_feat_diagonals, kennysheep_generic_room_16,
          uniq_blork_the_orc, uniq_grinder
D:7:      layout_basic, uniq_duvessa
D:8:      layout_basic, nicolae_uskayaw_dance_studio, serial_shops, shop,
          corner_web_ring, uniq_grum
D:9:      layout_basic, david_lair_generic, orc_0_dummy, serial_shops,
          nicolae_shop_competitors_out_of_business, nicolae_shop_unique_rings,
          uniq_pikel
D:10:     layout_gridville, fedhas_altar_1, enter_bailey_2, uniq_harold,
          uniq_joseph
Temple:   nicolae_temple_bog_church
Bailey:   bailey_axe_bossmonster_kennysheep, bailey

Skill      XL: |  1  2  3  4  5  6  7  8  9 10 11 |
---------------+----------------------------------+-----
Ranged Weapons | 4 5 6 7 9 11 13 14 | 14.0
Dodging        | 4 |  4.1
Fighting       | 4 5 8 |  8.8
Evocations     | 5 |  5.0
Stealth        | |  0.7

Action                     |  1- 3 |  4- 6 |  7- 9 | 10-12 || total
---------------------------+-------+-------+-------+-------++-------
   Fire: Sling             |   122 |   182 |   662 |   654 ||  1620
  Evoke: Wand              |       |       |       |     6 ||     6
    Use: Potion            |       |       |     5 |     5 ||    10
         Scroll            |       |       |     9 |     8 ||    17
 Armour: Leather armour    |     1 |    37 |    76 |    93 ||   207
  Dodge: Dodged            |     2 |    38 |    90 |    91 ||   221

Table legend: (Time is in decaauts)
 A = Elapsed time spent in this place.
 B = Non-inter-level travel time spent in this place.
 C = Inter-level travel time spent in this place.
 D = Time resting spent in this place.
 E = Time spent auto-exploring this place.
 F = Levels seen in this place.
 G = Mean time per level.
                   A        B        C        D        E       F      G
               +--------+--------+--------+--------+--------+-----+--------+
         Total |  11223 |  10703 |    520 |   1070 |   8198 |  12 |  935.2 |
       Dungeon |  10777 |  10257 |    520 |   1055 |   7854 |  10 | 1077.7 |
        Temple |      1 |      1 |      0 |      0 |      0 |   1 |    1.0 |
        Bailey |    444 |    444 |      0 |     14 |    344 |   1 |  444.0 |
               +--------+--------+--------+--------+--------+-----+--------+

Top non-repeatable levels by time:
     D:9: 1698 daAuts
     D:5: 1475 daAuts
     D:6: 1434 daAuts
     D:8: 1284 daAuts
     D:3: 1110 daAuts
     D:7: 1109 daAuts
     D:4: 993 daAuts
     D:2: 618 daAuts
     D:1: 597 daAuts
    D:10: 456 daAuts
  Bailey: 444 daAuts
  Temple: 1 daAuts
